 Seeded DCSS version 0.28.0-62-gf88900778d (webtiles) character file.

Game seed: 13591998346360536447 (custom seed)

442 Psyclone the Destroyer (level 6, 0/35 HPs)
             Began as a Deep Elf Conjurer on Oct 17, 2023.
             Slain by Edmund
             ... wielding a +3 flail of holy wrath
              (12 damage)
             ... on level 5 of the Dungeon on Oct 18, 2023.
             The game lasted 00:02:24 (1221 turns).

Psyclone the Destroyer (Deep Elf Conjurer)          Turns: 1221, Time: 00:02:25

Health: 0/35       AC:  7    Str:  8    XL:     6   Next: 71%
Magic:  0/12       EV: 12    Int: 35    God:
Gold:   3926       SH:  0    Dex: 13    Spells: 8/11 levels left

rFire   x . .      SeeInvis +   b - +0 dagger
rCold   . . .      Faith    .   (no shield)
rNeg    . . .      Spirit   .   a - +0 robe
rPois   +          Reflect  .   (no helmet)
rElec   .          Harm     .   e - +2 cloak of the Hidden Vale {rPois rF- Str+2 Int+8}
rCorr   .          Rampage  .   (no gloves)
Will    .....                   (no boots)
Stlth   ++........              (no amulet)
HPRegen 0.11/turn               (no ring)
MPRegen 0.13/turn               (no ring)

@: no status effects
A: iridescent scales 1, see invisible, clever 1, robust 1, strong 1
a: no special abilities


You were on level 5 of the Dungeon.
You visited 1 branch of the dungeon, and saw 5 of its levels.

You collected 3926 gold pieces.

Inventory:

Hand Weapons
 b - a +0 dagger (weapon)
Armour
 a - a +0 robe (worn)
 e - the +2 cloak of the Hidden Vale (worn) {rPois rF- Str+2 Int+8}
   (You acquired it on level 4 of the Dungeon)

   Str:       It affects your strength (+2).
   Int:       It affects your intelligence (+8).
   rF:        It makes you vulnerable to fire.
   rPois:     It protects you from poison.
Wands
 f - a wand of mindburst (17)
 g - a wand of flame (30)
Scrolls
 d - 3 scrolls of identify {@r1}
Potions
 c - a potion of ambrosia {unknown}


   Skills:
 - Level 2.4 Dodging
 - Level 2.4 Stealth
 - Level 3.0 Spellcasting
 + Level 8.9 Conjurations


You had 8 spell levels left.
You knew the following spells:

 Your Spells              Type           Power      Damage    Failure   Level
a - Magic Dart            Conj           100%       1d8       1%          1
b - Searing Ray           Conj           100%       2d8       1%          2

Your spell library contained the following spells:

 Spells                   Type           Power      Damage    Failure   Level
 Static Discharge         Conj/Air       36%        N/A       1%          2
 Dazzling Flash           Conj/Hex       72%        N/A       2%          3
 Fulminant Prism          Conj/Hex       18%        3d11      9%          4
 Iskenderun's Mystic Bla  Conj/Tloc      36%        2d9       9%          4
 Sticky Flame             Conj/Fire      36%        2d6       9%          4
 Dispel Undead            Necr           5%         3d7       45%         4


Dungeon Overview and Level Annotations

Branches:
Dungeon (5/15)
 Temple: D:4-7

Altars:
Sif Muna
The Shining One

Annotations:
D:5 Edmund


Innate Abilities, Weirdness & Mutations

You are partially covered in iridescent scales. (AC +2)
You have supernaturally acute eyesight. (SInv)
Your mind is acute. (Int +2)
You are robust. (+10% HP)
Your muscles are strong. (Str +2)


Message History

The searing ray hits the iguana.
The iguana is moderately wounded. (Press . to maintain the ray.)
You now have 6/12 mp.
The searing ray hits Edmund.
Edmund is moderately wounded.
The searing ray hits the iguana.
The iguana is heavily wounded.
Edmund barely misses you.
You now have 5/12 mp.
The searing ray hits Edmund!
Edmund is heavily wounded.
The searing ray hits the iguana but does no damage.
The iguana is heavily wounded.
Edmund hits you with a +3 flail of holy wrath.
You take 5 damage, and have 30/35 hp.
You now have 4/12 mp.
The searing ray hits Edmund!
Edmund is severely wounded.
The searing ray hits the iguana.
The iguana is almost dead.
You finish channelling your searing ray.
Edmund hits you with a +3 flail of holy wrath!
You take 10 damage, and have 20/35 hp.
MASSIVE DAMAGE!!
You now have 3/12 mp.
Casting: Searing Ray (safe; 1% risk of failure)
Confirm with . or Enter, or press ? or * to list all spells.
Aiming: Searing Ray (safe; 1% risk of failure)
Press: ? - help, Shift-Dir - straight line, f/p - Edmund
Aim: Edmund, wielding a +3 flail of holy wrath and wearing a +1 chain mail of willpower (severely wounded, 87% to hit)
The searing ray hits Edmund but does no damage.
Edmund is severely wounded.
The searing ray hits the iguana.
You kill the iguana! (Press . to maintain the ray.) Edmund hits you with a +3 flail of holy wrath!
You take 9 damage, and have 11/35 hp.
MASSIVE DAMAGE!!
You now have 1/12 mp.
The searing ray misses Edmund.
Edmund misses you.
The searing ray hits Edmund but does no damage.
Edmund is severely wounded.
Edmund hits you with a +3 flail of holy wrath!
You die...

....##########'##
..........####.#
....###......#.#
....# #..)...#.#
###### .####
#...<..#.# #....# .#
#...>..#.# #....###
## #......#>#
#......#
###+####.#####......#
#..@@รท)..).:.+
#######......#
#####)...... #.......
#........ .........
######... ...


You could see Edmund.

Vanquished Creatures
  An ice beast (D:5)
  An ogre (D:5)
  An orc priest (D:5)
  2 bullfrog skeletons
  A jelly (D:5)
  Ijyb (D:5)
  An iguana (D:5)
  An orc wizard (D:5)
  A hound skeleton (D:4)
  3 gnolls (D:4)
  An adder (D:5)
  A worm (D:2)
  A dart slug (D:4)
  An orc (D:5)
  2 endoplasms
  A hobgoblin (D:4)
  3 jackals (D:1)
  A kobold (D:1)
  2 quokkas (D:5)
  2 ball pythons
  3 rats
31 creatures vanquished.

Notes
Turn   | Place    | Note
-------+----------+-------------------------------------------
     0 | D:1      | Psyclone the Deep Elf Conjurer began the quest for the Orb.
     0 | D:1      | Reached XP level 1. HP: 10/10 MP: 6/6
   178 | D:2      | Reached XP level 2. HP: 15/15 MP: 6/8
   181 | D:2      | Learned a level 2 spell: Searing Ray
   211 | D:2      | Reached skill level 5 in Conjurations
   273 | D:2      | Identified 3 scrolls of acquirement
   286 | D:3      | Found a glowing golden altar of the Shining One.
   337 | D:4      | Acquired the +2 cloak of the Hidden Vale {rPois rF- Str+2
                  | Int+8}
   340 | D:4      | Acquired 1255 gold pieces
   346 | D:4      | Acquired 1352 gold pieces
   357 | D:4      | Acquired 1218 gold pieces
   389 | D:4      | Reached XP level 3. HP: 19/19 MP: 2/9
   420 | D:4      | Gained mutation: You are robust. (+10% HP) [potion of
                  | mutation]
   420 | D:4      | Gained mutation: You have hidden genetic potential. [potion
                  | of mutation]
   420 | D:4      | Gained mutation: Your muscles are strong. (Str +2) [potion
                  | of mutation]
   420 | D:4      | Gained mutation: You are partially covered in iridescent
                  | scales. (AC +2) [potion of mutation]
   426 | D:4      | Reached skill level 6 in Conjurations
   749 | D:4      | Reached XP level 4. HP: 26/26 MP: 6/10
   756 | D:4      | Gained mutation: Your mind is acute. (Int +2) [hidden
                  | potential]
   799 | D:5      | Entered Level 5 of the Dungeon
   882 | D:5      | Found a shimmering blue altar of Sif Muna.
   896 | D:5      | Noticed an ice beast
   905 | D:5      | Killed an ice beast
   906 | D:5      | Reached skill level 7 in Conjurations
   906 | D:5      | Reached XP level 5. HP: 30/30 MP: 6/11
   923 | D:5      | Gained mutation: You have supernaturally acute eyesight.
                  | (SInv) [hidden potential]
   923 | D:5      | Lost mutation: You have hidden genetic potential. [hidden
                  | potential expressed]
   972 | D:5      | Noticed Ijyb
   979 | D:5      | Noticed an ogre
   988 | D:5      | Killed Ijyb
   991 | D:5      | Killed an ogre
   992 | D:5      | Reached skill level 8 in Conjurations
   992 | D:5      | Reached XP level 6. HP: 25/35 MP: 1/12
  1203 | D:5      | Noticed Edmund
  1221 | D:5      | Slain by Edmund

Illustrated notes

Levels and vault maps discovered:
D:1:      wander_arrival_fairy_ring, layout_basic, chequers_serial_rivers_room_a
D:2:      layout_loops_ring, shapermc_ecumenical_altar_venn, uniq_natasha
D:3:      layout_loops_ring, mainiacjoe_overflow_chevrons,
          gammafunk_ghost_arena, hangedman_glass_teeth
D:4:      layout_basic, nicolae_hepliaklqana_monster_ancestors,
          due_unseen_surprise
D:5:      layout_basic, lemuel_doored_altar, overflow_temple_1_default,
          amethyst_overflow_temple_binary, minmay_manual_mess, uniq_ijyb,
          uniq_edmund, uniq_sigmund, uniq_menkaure

Skill      XL: |  1  2  3  4  5 |
---------------+----------------+-----
Conjurations   | 5 6 7 8 |  8.9
Dodging        | |  2.4
Stealth        | |  2.4
Spellcasting   | |  3.0

Action                   |  1- 3 |  4- 6 || total
-------------------------+-------+-------++-------
Melee: Dagger            |       |     1 ||     1
 Cast: Magic Dart        |    17 |     5 ||    22
       Searing Ray       |     5 |    11 ||    16
  Use: Scroll            |     5 |       ||     5
       Potion            |     1 |       ||     1
Armor: Robe              |     1 |     2 ||     3
Dodge: Dodged            |     4 |     8 ||    12
